 Dungeon Crawl Stone Soup version 0.30-a0-777-ga9a30cbeda (webtiles) character file.

Game seed: 15511078795238307638

10920 avis the Skirmisher (level 11, -18/95 HPs)
             Began as a Demigod Hunter on Feb 13, 2023.
             Demolished by a death yak (24 damage)
             ... on level 1 of the Lair of Beasts on Feb 14, 2023.
             The game lasted 01:20:41 (9688 turns).

avis the Skirmisher (Demigod Hunter)                Turns: 9688, Time: 01:20:42

Health: -18/95     AC:  6    Str: 12    XL:     11   Next: 19%
Magic:  13/15      EV: 19    Int: 11    God:
Gold:   167        SH:  0    Dex: 29    Spells: 5/12 levels left

rFire   . . .      SeeInvis .    a - +1 shortbow (flame)
rCold   . . .      Faith    .    (shield currently unavailable)
rNeg    . . .      Spirit   .    m - +1 troll leather armour
rPois   +          Reflect  .    B - +0 helmet
rElec   .          Harm     .    (no cloak)
rCorr   .          Rampage  .    (no gloves)
Will    +....                    (no boots)
Stlth   +++                      c - amulet of regeneration
HPRegen 1.95/turn                Z - ring of poison resistance
MPRegen 0.14/turn                A - ring of wizardry

@: on blink cooldown
A: high MP 1, forlorn, divine attributes
a: no special abilities


You were on level 1 of the Lair of Beasts.
You visited 3 branches of the dungeon, and saw 12 of its levels.

You collected 410 gold pieces.
You spent 243 gold pieces at shops.

Inventory:

Hand Weapons
 a - a +1 shortbow of flaming (weapon)
 b - the +11 whip of Laceration {flame, rC+ rN+ Int+3}
   (You took it off a wight on level 5 of the Dungeon)

   Int:       It affects your intelligence (+3).
   rC:        It protects you from cold.
   rN:        It protects you from negative energy.
Missiles
 D - 2 throwing nets
Armour
 m - a +1 troll leather armour (worn)
 B - a +0 helmet (worn)
Jewellery
 c - an amulet of regeneration (around neck)
 v - the amulet of Elemental Vulnerability {rPois rF-- rC-- AC+8}
   (You found it on level 3 of the Dungeon)

   [amulet of nothing]

   AC:        It affects your AC (+8).
   rF:        It makes you very vulnerable to fire.
   rC:        It makes you very vulnerable to cold.
   rPois:     It protects you from poison.
 A - a ring of wizardry (right hand)
 Z - a ring of poison resistance (left hand)
Wands
 h - a wand of quicksilver (9)
 q - a wand of polymorph (11)
 z - a wand of roots (25)
 H - a wand of mindburst (20)
 U - a wand of charming (1)
Scrolls
 g - 2 scrolls of teleportation
 i - 2 scrolls of blinking {unknown}
 n - 2 scrolls of poison {unknown}
 p - 2 scrolls of fear {unknown}
 x - 2 scrolls of magic mapping {unknown}
 y - a scroll of silence {unknown}
 C - 2 scrolls of noise {unknown}
 K - 3 scrolls of amnesia {unknown}
 W - 3 scrolls of fog {unknown}
Potions
 d - 2 potions of ambrosia
 f - 2 potions of brilliance
 k - 4 potions of curing
 s - 2 potions of might
 t - 3 potions of cancellation
 F - a potion of haste
 G - a potion of berserk rage
 N - a potion of invisibility
 Q - a potion of heal wounds
 R - a potion of resistance
Miscellaneous
 S - a phantom mirror
 T - a lightning rod (4/4)


   Skills:
 * Level 8.7 Fighting
 - Level 12.0 Ranged Weapons
 - Level 8.0 Dodging
 - Level 3.0 Stealth
 - Level 1.0 Spellcasting
 - Level 1.0 Translocations
 - Level 1.0 Transmutations
 - Level 2.0 Air Magic


You had 5 spell levels left.
You knew the following spells:

 Your Spells              Type           Power      Damage    Failure   Level
b - Blink                 Tloc           4%         N/A       16%         2
e - Wereblood             Tmut           2%         N/A       16%         2
f - Swiftness             Air            4%         N/A       21%         3

Your spell library contained the following spells:

 Spells                   Type           Power      Damage    Failure   Level
 Apportation              Tloc           4%         N/A       11%         1
 Necrotise                Necr           0%         1d4       16%         1
 Summon Small Mammal      Summ           0%         N/A       16%         1
 Lesser Beckoning         Tloc           4%         N/A       16%         2
 Static Discharge         Conj/Air       4%         2-3/arc   16%         2
 Momentum Strike          Conj/Tloc      2%         3d8       21%         2
 Passwall                 Tmut/Erth      0%         N/A       21%         2
 Ensorcelled Hibernation  Hex/Ice        0%         N/A       24%         2
 Sublimation of Blood     Necr           0%         N/A       24%         2
 Vhi's Electric Charge    Tloc/Air       6%         N/A       26%         3
 Portal Projectile        Hex/Tloc       2%         N/A       36%         3
 Hailstorm                Conj/Ice       0%         3d3       43%         3
 Tukima's Dance           Hex            0%         N/A       43%         3
 Ice Form                 Ice/Tmut       1%         N/A       75%         4
 Arcjolt                  Conj/Air       1%         1d11      95%         5
 Blade Hands              Tmut           1%         N/A       95%         5
 Lightning Bolt           Conj/Air       1%         1d12      95%         5
 Summon Forest            Summ/Tloc      0%         N/A       97%         5
 Fireball                 Conj/Fire      0%         3d3       98%         5
 Iskenderun's Battlesphe  Conj           0%         2d6       98%         5
 Summon Mana Viper        Hex/Summ       0%         N/A       98%         5
 Conjure Ball Lightning   Conj/Air       1%         3x3d6     100%        6
 Simulacrum               Ice/Necr       0%         N/A       100%        6
 Summon Cactus Giant      Summ           0%         N/A       100%        6
 Orb of Destruction       Conj           0%         9d5       100%        7
 Summon Hydra             Summ           0%         N/A       100%        7


Dungeon Overview and Level Annotations

Branches:
Dungeon (9/15)             Temple (1/1) D:5            Lair (2/5) D:9
  Swamp: Lair:2-3    Shoals: Lair:2-3     Snake: Lair:2-3    Spider: Lair:2-3
    Orc: D:9-12

Shops:
D:3 [   D:8 (:*(


Innate Abilities, Weirdness & Mutations

You have an increased reservoir of magic. (+10% MP)
You shall have no god before yourself.
Your divine heritage dramatically boosts your attributes as you level up.


Message History

Aim: a death yak (severely wounded, 86% to hit)
You shoot an arrow. The arrow barely misses the death yak.
The death yak gores you!!
Fire: a) +1 shortbow (flame)
Press: ? - help, Q - select action, (/) - cycle Shift-Dir - straight line, f/p - death yak
Aim: a death yak (severely wounded, 86% to hit)
You shoot an arrow. The arrow hits the death yak!
The arrow burns the death yak.
The death yak is almost dead.
The death yak gores you!!
* * * LOW HITPOINT WARNING * * *
Casting: Blink (safe; 16% risk of failure)
Confirm with . or Enter, or press ? or * to list all spells.
You blink.
Fire: a) +1 shortbow (flame)
Press: ? - help, Q - select action, (/) - cycle Shift-Dir - straight line, f/p - death yak
Aim: a death yak (almost dead, 86% to hit)
You shoot an arrow. The arrow hits the death yak!
The arrow burns the death yak.
The death yak is almost dead.
Fire: a) +1 shortbow (flame)
Press: ? - help, Q - select action, (/) - cycle Shift-Dir - straight line, f/p - death yak
Aim: a death yak (almost dead, 86% to hit)
You shoot an arrow.
The arrow hits the death yak but does no damage.
The death yak is almost dead.
Fire: a) +1 shortbow (flame)
Press: ? - help, Q - select action, (/) - cycle Shift-Dir - straight line, f/p - death yak
Aim: a death yak (almost dead, 86% to hit)
You shoot an arrow.
The arrow hits the death yak but does no damage.
The death yak is almost dead.
The death yak gores you!!
* * * LOW HITPOINT WARNING * * *
Aiming: Mindburst
Press: ? - help, Shift-Dir - straight line, f/p - death yak
Aim: a death yak (almost dead, chance to affect: 6%)
The death yak resists with almost no effort.
The death yak gores you!!
You die...

#.....#.............#
....###.....#.......#
....##....###......##
..........##.......# ###
.........#.#......#### ##P######
........##.......###.####.......#
##...................>.....#.....
#..........................#..[..
................@Y...............
.................................
.................................
.......#.........................
.................................
.................................
..........................#.#....
..........................###..#.
>...........P############## #####


You could see a death yak.

Vanquished Creatures
  5 elephants (Lair:1)
  A black mamba (Lair:1)
  A cane toad (Lair:1)
  2 komodo dragons
  An unseen horror (D:7)
  A troll (D:7)
  2 hornets
  2 wyverns
  A vampire (D:7)
  3 wraiths
  5 yaks
  3 basilisks (Lair:1)
  Edmund (D:5)
  An acid dragon (D:9)
  A water moccasin (D:5)
  Duvessa (D:4)
  2 sky beasts
  4 orc warriors
  2 ice beasts
  3 black bears
  An ogre (D:5)
  2 centaurs
  A phantom (D:4)
  2 kobold brigands
  A gnoll sergeant (D:9)
  2 bullfrogs (D:7)
  A necrophage (D:6)
  4 scorpions
  15 wights
  Dowan (D:4)
  19 killer bees
  4 howler monkeys (D:8)
  4 hounds
  7 jellies
  4 orc priests
  A gnoll bouda (D:5)
  An iguana (D:6)
  8 orc wizards
  7 gnolls
  12 adders
  4 white imps
  2 ufetubi
  2 worms (D:3)
  4 dart slugs
  40 orcs
  6 ball pythons
  7 bats
  4 endoplasms
  7 giant cockroaches
  10 goblins
  8 hobgoblins
  3 jackals (D:4)
  2 quokkas (D:1)
  2 training dummies (D:4)
  2 frilled lizards
  15 kobolds
  2 rats
259 creatures vanquished.

Vanquished Creatures (others)
  20 fungi
  27 plants
47 creatures vanquished.

Grand Total: 306 creatures vanquished

Notes
Turn   | Place    | Note
-------+----------+-------------------------------------------
     0 | D:1      | avis the Demigod Hunter began the quest for the Orb.
     0 | D:1      | Reached XP level 1. HP: 17/17 MP: 3/3
   110 | D:1      | Reached skill level 4 in Ranged Weapons
   145 | D:1      | Reached XP level 2. HP: 24/24 MP: 4/4
   168 | D:1      | Reached skill level 1 in Stealth
   495 | D:1      | Reached XP level 3. HP: 29/29 MP: 5/5
   748 | D:2      | Reached skill level 1 in Spellcasting
   819 | D:2      | Identified the +2 mace of Devotion {drain, rC+}
   866 | D:2      | Learned a level 3 spell: Swiftness
   988 | D:2      | Reached XP level 4. HP: 24/38 MP: 8/8
  1507 | D:3      | Found the amulet of Elemental Vulnerability {rPois rF--
                  | rC-- AC+8}
  1735 | D:3      | Learned a level 2 spell: Wereblood
  1907 | D:3      | Reached XP level 5. HP: 45/45 MP: 9/9
  2071 | D:3      | Reached skill level 5 in Ranged Weapons
  2115 | D:3      | Found Jujetaemu's Armour Boutique.
  2123 | D:3      | Bought a +0 helmet for 45 gold pieces
  2692 | D:4      | Reached skill level 6 in Ranged Weapons
  2692 | D:4      | Reached XP level 6. HP: 51/51 MP: 10/10
  2822 | D:4      | Reached skill level 7 in Ranged Weapons
  3049 | D:4      | Reached XP level 7. HP: 57/57 MP: 11/11
  3190 | D:4      | Noticed Duvessa
  3190 | D:4      | Noticed Dowan
  3212 | D:4      | Killed Duvessa
  3213 | D:4      | Killed Dowan
  3506 | D:5      | Entered Level 5 of the Dungeon
  3511 | D:5      | Reached skill level 8 in Ranged Weapons
  3624 | D:5      | Reached skill level 1 in Transmutations
  3624 | D:5      | Reached skill level 1 in Air Magic
  3722 | D:5      | Found a staircase to the Ecumenical Temple.
  3745 | Temple   | Entered the Ecumenical Temple
  3833 | D:5      | Reached XP level 8. HP: 63/63 MP: 12/12
  4477 | D:6      | Reached skill level 9 in Ranged Weapons
  4491 | D:6      | Noticed Edmund
  4498 | D:6      | Identified the +11 whip of Laceration {flame, rC+ rN+
                  | Int+3}
  4553 | D:5      | Killed Edmund
  4920 | D:6      | Reached skill level 10 in Ranged Weapons
  5539 | D:6      | Reached XP level 9. HP: 39/71 MP: 13/13
  5830 | D:7      | Reached skill level 5 in Fighting
  5911 | D:7      | Reached skill level 5 in Dodging
  6233 | D:7      | Reached skill level 11 in Ranged Weapons
  6373 | D:7      | Killed an unseen horror
  7157 | D:8      | Reached XP level 10. HP: 81/81 MP: 14/14
  7166 | D:8      | Reached skill level 12 in Ranged Weapons
  7186 | D:8      | Found Pufije's Book Shop.
  7190 | D:8      | Bought a book of Spatial Translocations for 198 gold pieces
  7193 | D:8      | Learned a level 2 spell: Blink
  7311 | D:8      | Found Hefi's General Store.
  7571 | D:8      | Found Juabipp's Weapon Emporium.
  7719 | D:8      | Found Suidd's Antique Weapon Boutique.
  8045 | D:9      | Found a staircase to the Lair.
  8524 | Lair:1   | Entered Level 1 of the Lair of Beasts
  8524 | Lair:1   | Noticed an elephant
  8524 | Lair:1   | Noticed an elephant
  8524 | Lair:1   | Noticed an elephant
  8524 | Lair:1   | Noticed an elephant
  8524 | Lair:1   | Noticed an elephant
  8592 | Lair:1   | Reached skill level 1 in Translocations
  8715 | Lair:1   | Killed an elephant
  8747 | Lair:1   | Killed an elephant
  8755 | Lair:1   | Killed an elephant
  8756 | Lair:1   | Reached XP level 11. HP: 75/94 MP: 15/15
  9657 | Lair:2   | Noticed a death yak
  9664 | Lair:2   | Noticed a death yak
  9666 | Lair:2   | Noticed a death yak
  9687 | Lair:1   | HP: 4/95 [death yak (20)]
  9688 | Lair:1   | Demolished by a death yak

Illustrated notes

Levels and vault maps discovered:
D:1:      nzn_arrival_crosshair, layout_loops_cross
D:2:      layout_basic, basic_altar
D:3:      layout_basic, kennysheep_slug_shrine, lemuel_doored_altar,
          serial_bayou, serial_bayou_shore_a, serial_bayou_lagoon_a,
          serial_bayou_lake_a, serial_bayou_pond_a, serial_shops, shop,
          glass_columns_b
D:4:      dreamdust_elfheim, layout_loops_ring, makhleb_heckhound_becter,
          mainiacjoe_overflow_catwalk
D:5:      layout_rooms, minmay_temple_entry_large_hall, serial_corexii_hall,
          corexii_hall_statues_t, chequers_hall_statues_corner_a,
          chequers_hall_statues_y, chequers_avenue, st_stairs_9,
          lemuel_flamethrower_2
D:6:      layout_gridville, st_stairs_14, uniq_edmund
D:7:      minmay_the_grid_octo_triangle [minmay_the_grid_octo_checkerflower,
          minmay_the_grid_octo_prize_single_spiral, minmay_the_grid_octo_empty],
          layout_cave_pods, mainiacjoe_overflow_boulevard,
          mainiacjoe_overflow_small_starburst
D:8:      layout_loops_ring, serial_shops, nicolae_shop_stone, shop,
          kennysheep_mini_moat, nicolae_diamond_shop, minivault_1
D:9:      layout_cross, grunt_temple_overflow_open,
          grunt_lair_entry_orc_guard_hut
Temple:   compressed_dpeg_circular_temple
Lair:1:   layout_hall_layers
Lair:2:   layout_gridlike, elwin_shoals_entry_rocks, lemuel_fruit_tree,
          uniq_maggie, uniq_amaemon

Skill      XL: |  1  2  3  4  5  6  7  8  9 10 11 |
---------------+----------------------------------+-----
Fighting       | 2 3 4 5 8 |  8.7
Ranged Weapons | 4 6 7 8 10 11 12 | 12.0
Dodging        | 2 3 4 5 7 8 |  8.0
Stealth        | 2 3 |  3.0
Spellcasting   | 1 |  1.0
Transmutations | 1 |  1.0
Air Magic      | 2 |  2.0
Translocations | 1 |  1.0

Action                     |  1- 3 |  4- 6 |  7- 9 | 10-12 || total
---------------------------+-------+-------+-------+-------++-------
  Melee: Whip              |       |       |    37 |       ||    37
   Fire: Shortbow          |    96 |   202 |   371 |   376 ||  1045
   Cast: Blink             |       |       |       |     2 ||     2
  Evoke: Wand              |       |       |       |     1 ||     1
    Use: Scroll            |       |     8 |     2 |     9 ||    19
         Potion            |       |     2 |     2 |     1 ||     5
 Armour: Leather armour    |     9 |       |       |       ||     9
         Troll leather arm |     3 |    64 |    95 |   107 ||   269
  Dodge: Dodged            |    22 |    95 |   199 |   284 ||   600

Table legend: (Time is in decaauts)
 A = Elapsed time spent in this place.
 B = Non-inter-level travel time spent in this place.
 C = Inter-level travel time spent in this place.
 D = Time resting spent in this place.
 E = Time spent auto-exploring this place.
 F = Levels seen in this place.
 G = Mean time per level.
                   A        B        C        D        E       F      G
               +--------+--------+--------+--------+--------+-----+--------+
         Total |   9866 |   8343 |   1523 |    531 |   4828 |  12 |  822.2 |
       Dungeon |   8851 |   7400 |   1451 |    507 |   4371 |   9 |  983.4 |
        Temple |     32 |     28 |      4 |      0 |      0 |   1 |   32.0 |
          Lair |    981 |    914 |     67 |     24 |    457 |   2 |  490.5 |
               +--------+--------+--------+--------+--------+-----+--------+

Top non-repeatable levels by time:
     D:7: 1410 daAuts
     D:6: 1225 daAuts
     D:3: 1157 daAuts
     D:4: 1081 daAuts
  Lair:1: 950 daAuts
     D:5: 934 daAuts
     D:8: 884 daAuts
     D:1: 806 daAuts
     D:2: 716 daAuts
     D:9: 634 daAuts
  Temple: 32 daAuts
  Lair:2: 31 daAuts
